 Dungeon Crawl Stone Soup version 0.27.1-33-g824d729ab1 (webtiles) character file.

Game seed: 5128071422215781817

438 Kaptain the Digger (level 7, -2/45 HPs)
             Began as an Octopode Earth Elementalist on Dec 24, 2021.
             Slain by an orc (3 damage)
             ... on level 4 of the Dungeon.
             The game lasted 00:09:29 (3108 turns).

Kaptain the Digger (Octopode Earth Elementalist)    Turns: 3108, Time: 00:09:30

Health: -2/45      AC:  1    Str:  7    XL:     7   Next: 1%
Magic:  3/12       EV: 13    Int: 20    God:
Gold:   186        SH:  0    Dex: 12    Spells: 8/13 levels left

rFire    . . .     SeeInvis .   l - +4 mace (protect)
rCold    . . .     Faith    .   (no shield)
rNeg     . . .     Spirit   .   (helmet restricted)
rPois    +         Reflect  .   (no amulet)
rElec    .         Harm     .   (no ring)
rCorr    .         Rampage  .   (no ring)
Will     .....                  (no ring)
Stlth    +++.......             (no ring)
HPRegen  0.15/turn              (no ring)
MPRegen  0.13/turn              (no ring)
                                (no ring)
                                (no ring)

@: no status effects
A: almost no armour, amphibious, 8 rings, camouflage 1, gelatinous body 1,
(nimble swimmer 1), tentacles, poison resistance
a: no special abilities


You were on level 4 of the Dungeon.
You visited 1 branch of the dungeon, and saw 4 of its levels.

You collected 186 gold pieces.

Inventory:

Hand Weapons
 f - a +1 dagger of draining
 h - a +0 short sword
 l - a +4 mace of protection (weapon)
Missiles
 a - 9 stones
 g - 5 large rocks
Armour
 d - a +0 kite shield
Scrolls
 c - a scroll of teleportation
 i - a scroll of enchant weapon
 m - a scroll of identify
Potions
 b - a potion of cancellation {unknown}
 e - a potion of might {unknown}
 j - a potion of degeneration {unknown}
 k - a potion of curing {unknown}


   Skills:
 + Level 2.0 Fighting
 + Level 3.0 Dodging
 + Level 4.2 Stealth
 + Level 2.0 Shields
 * Level 3.8 Spellcasting
 * Level 0.2 Conjurations
 - Level 1.0 Transmutations
 * Level 4.6 Earth Magic


You had 8 spell levels left.
You knew the following spells:

 Your Spells              Type           Power      Damage    Failure   Level
a - Sandblast             Erth           44%        2d11      1%          1
b - Stone Arrow           Conj/Erth      26%        3d8       14%         3
c - Animate Skeleton      Necr           6%         N/A       13%         1

Your spell library contained the following spells:

 Spells                   Type           Power      Damage    Failure   Level
 Passwall                 Tmut/Erth      12%        N/A       6%          2
 Apportation              Tloc           6%         N/A       13%         1
 Corona                   Hex            3%         N/A       13%         1
 Summon Small Mammal      Summ           12%        N/A       13%         1
 Ensorcelled Hibernation  Hex/Ice        6%         N/A       21%         2
 Dazzling Flash           Conj/Hex       8%         N/A       36%         3
 Tukima's Dance           Hex            3%         N/A       36%         3
 Petrify                  Tmut/Erth      15%        N/A       38%         4
 Agony                    Necr           3%         N/A       98%         5
 Silence                  Hex/Air        1%         N/A       98%         5


Dungeon Overview and Level Annotations

Branches:
Dungeon (4/15)
 Temple: D:4-7

Altars:

Shops:
D:1 [


Innate Abilities, Weirdness & Mutations

You cannot wear most types of armour.
You are amphibious.
You can wear up to eight rings at the same time.
Your skin changes colour to match your surroundings (Stealth+).
Your rubbery body absorbs attacks. (AC +1, EV +1)
((You are camouflaged near water. (Stealth+)))
You have tentacles for arms and can constrict up to eight enemies at once.
Your system is resistant to poisons. (rPois)


Message History

The orc priest hits you with a +0 dagger.
* * * LOW HITPOINT WARNING * * *
The orc priest hits you but does no damage.
Casting: Sandblast (safe; 1% risk of failure)
Confirm with . or Enter, or press ? or * to list all spells.
Aiming: Sandblast (safe; 1% risk of failure)
Press: ? - help, Shift-Dir - straight line, f/p - orc priest
Aim: an orc priest, wielding a +0 club and wearing a +0 ring mail (almost dead, 83% to hit)
The blast of sand hits the orc priest but does no damage.
The orc priest is almost dead.
The orc priest begins to cast a cantrip, but forgets the words!
The orc hits you with a +0 club.
* * * LOW HITPOINT WARNING * * *
The orc priest hits you with a +0 dagger.
* * * LOW HITPOINT WARNING * * *
Casting: Sandblast (safe; 1% risk of failure)
Confirm with . or Enter, or press ? or * to list all spells.
Aiming: Sandblast (safe; 1% risk of failure)
Press: ? - help, Shift-Dir - straight line, f/p - orc priest
Aim: an orc priest, wielding a +0 club and wearing a +0 ring mail (almost dead, 83% to hit)
Okay, then.
Okay, then.
Casting: Sandblast (safe; 1% risk of failure)
Confirm with . or Enter, or press ? or * to list all spells.
Aiming: Sandblast (safe; 1% risk of failure)
Press: ? - help, Shift-Dir - straight line, f/p - orc priest
Aim: an orc priest, wielding a +0 club and wearing a +0 ring mail (almost dead, 83% to hit)
The blast of sand hits the orc priest but does no damage.
The orc priest is almost dead.
The orc priest miscasts a cantrip.
The orc priest closely misses you. The orc misses you.
Casting: Sandblast (safe; 1% risk of failure)
Confirm with . or Enter, or press ? or * to list all spells.
Aiming: Sandblast (safe; 1% risk of failure)
Press: ? - help, Shift-Dir - straight line, f/p - orc priest
Aim: an orc priest, wielding a +0 club and wearing a +0 ring mail (almost dead, 83% to hit)
The blast of sand hits the orc priest.
You kill the orc priest!
The orc hits you with a +0 club.
You die...

#.....<....#..............♣♣
+.......#..#.###...........♣
#.......#..#.# #...........#
#.......##.#.###.##.......##
#.......##.#.#...##...#####
##########.....####...#
#.......##...#
##.[.##.##...# #.@o# # ##o)#
).... .......# ........#
....$....# ##.......##
##......#


You could see an orc priest and an orc.

Vanquished Creatures
  Sigmund (D:2)
  3 orc priests (D:4)
  An orc wizard (D:4)
  Terence (D:2)
  A hound skeleton (D:4)
  3 gnolls (D:2)
  5 adders
  A worm (D:3)
  2 dart slugs
  6 orcs
  4 ball pythons (D:1)
  6 endoplasms
  3 goblins
  5 hobgoblins
  12 jackals
  A quokka (D:1)
  5 bats
  3 frilled lizards
  3 kobolds
  4 rats
70 creatures vanquished.

Notes
Turn   | Place    | Note
-------+----------+-------------------------------------------
     0 | D:1      | Kaptain the Octopode Earth Elementalist began the quest for
                  | the Orb.
     0 | D:1      | Reached XP level 1. HP: 11/11 MP: 3/3
   322 | D:1      | Reached XP level 2. HP: 11/17 MP: 5/5
   588 | D:1      | Found Loonedem's Antique Armour Emporium.
   678 | D:1      | Reached XP level 3. HP: 22/22 MP: 1/6
   682 | D:1      | Learned a level 3 spell: Stone Arrow
   817 | D:1      | Learned a level 1 spell: Animate Skeleton
  1337 | D:2      | Noticed Terence
  1627 | D:2      | Reached skill level 1 in Shields
  1627 | D:2      | Reached XP level 4. HP: 27/27 MP: 2/8
  1817 | D:2      | Reached skill level 1 in Fighting
  1927 | D:2      | Noticed Sigmund
  1933 | D:2      | Killed Sigmund
  1934 | D:2      | Reached XP level 5. HP: 28/33 MP: 2/10
  1934 | D:2      | Reached XP level 6. HP: 32/38 MP: 2/11
  2037 | D:2      | Killed Terence
  2277 | D:3      | Gained mutation: Your system is resistant to poisons.
                  | (rPois) [potion of mutation]
  2277 | D:3      | Gained mutation: You are frail. (-10% HP) [potion of
                  | mutation]
  2277 | D:3      | Lost mutation: You are frail. (-10% HP) [potion of
                  | mutation]
  2458 | D:3      | Found a faded altar of an unknown god.
  3101 | D:4      | Reached XP level 7. HP: 39/45 MP: 9/12
  3106 | D:4      | HP: 1/45 [orc priest (4)]
  3108 | D:4      | Slain by an orc

Illustrated notes

Levels and vault maps discovered:
D:1:      dpeg_arrival_pits, layout_rooms, serial_shops, nicolae_diamond_shop
D:2:      layout_basic, uniq_sigmund, uniq_terence
D:3:      layout_rooms, shapermc_ecumenical_altar_venn
D:4:      layout_basic, chequers_temple_overflow_minitemple, kennysheep_nub

Skill      XL: |  1  2  3  4  5  6 |
---------------+-------------------+-----
Stealth        | 3 4 |  4.2
Shields        | 1 2 |  2.0
Fighting       | 1 2 |  2.0
Spellcasting   | 3 |  3.8
Earth Magic    | 4 |  4.6
Dodging        | 3 |  3.0
Conjurations   | |  0.2
Transmutations | |  1.0

Action                   |  1- 3 |  4- 6 |  7- 9 || total
-------------------------+-------+-------+-------++-------
Melee: Short sword       |    18 |     1 |       ||    19
       Unarmed           |     5 |       |       ||     5
       Dagger            |     4 |       |       ||     4
       Constrict         |     4 |     9 |       ||    13
       Tentacles         |     2 |     4 |       ||     6
       Mace              |       |    30 |       ||    30
 Cast: Sandblast         |    40 |    33 |     7 ||    80
       Stone Arrow       |       |     6 |       ||     6
  Use: Potion            |     1 |     1 |       ||     2
       Scroll            |       |     6 |       ||     6
 Stab: Sleeping          |     5 |     1 |       ||     6
Armor: Skin              |     7 |     9 |     1 ||    17
Dodge: Dodged            |    19 |    27 |     2 ||    48
